 Dungeon Crawl Stone Soup version 0.27.0-66-gdc8fb28755 (console) character file.

Game seed: 15638991122718666768

0 thromnambular the Magician (level 1, 0/15 HPs)
             Began as a Demonspawn Wanderer on Aug 20, 2021.
             Slain by a ball python (3 damage)
             ... on level 1 of the Dungeon.
             The game lasted 00:00:50 (105 turns).

thromnambular the Magician (Demonspawn Wanderer)     Turns: 105, Time: 00:00:50

Health: 0/15       AC:  2    Str: 10    XL:     1   Next: 8%
Magic:  3/4        EV:  8    Int: 13    God:
Gold:   0          SH:  0    Dex: 14    Spells: 5/6 levels left

rFire    . . .     SeeInvis .   d - +0 great sword
rCold    . . .     Faith    .   (shield currently unavailable)
rNeg     . . .     Spirit   .   b - +0 robe
rPois    .         Reflect  .   (no helmet)
rElec    .         Harm     .   (no cloak)
rCorr    .         Rampage  .   (no gloves)
Will     .....                  (no boots)
Stlth    ++........             (no amulet)
HPRegen  0.05/turn              (no ring)
MPRegen  0.09/turn              (no ring)

@: constricted
A: no striking features
a: no special abilities


You were on level 1 of the Dungeon.
You visited 1 branch of the dungeon, and saw 1 of its levels.

Inventory:

Hand Weapons
 a - a +0 dagger
 d - a +0 great sword (weapon)
Armour
 b - a +0 robe (worn)
Scrolls
 c - a scroll of teleportation
Potions
 e - a potion of curing {unknown}


   Skills:
 + Level 1.0 Fighting
 + Level 0.0 Long Blades
 + Level 1.0 Dodging
 - Level 1.0 Stealth
 - Level 1.0 Shields
 - Level 3.0 Spellcasting
 + Level 1.1 Necromancy
 - Level 1.0 Transmutations
 - Level 1.0 Evocations


You had 5 spell levels left.
You knew the following spells:

 Your Spells              Type           Power      Damage    Failure   Level
a - Pain                  Necr           16%        1d4       14%         1

Your spell library contained the following spells:

 Spells                   Type           Power      Damage    Failure   Level
 Animate Skeleton         Necr           8%         N/A       14%         1
 Vampiric Draining        Necr           2%         2d6       41%         3
 Animate Dead             Necr           2%         N/A       82%         4
 Agony                    Necr           4%         N/A       99%         5


Dungeon Overview and Level Annotations

Branches:
Dungeon (1/15)

Altars:


Message History

Aim: a ball python (chance to affect: 62%)
The ball python writhes in agony.
You kill the ball python!
Okay, then.
Magic restored.
HP restored.
Found a great sword.
Found 18 stones.
There is a fountain of clear blue water here.
A ball python comes into view.
You see here a +0 great sword.
d - a +0 great sword
d - a +0 great sword (weapon)
The ball python hisses angrily.
You see here an orange potion.
e - an orange potion You closely miss the ball python.
The ball python barely misses you. The ball python grabs you.
The ball python constricts you.
The ball python bites you but does no damage.
The ball python constricts you.
You barely miss the ball python. The ball python closely misses you.
You riposte.
You closely miss the ball python. The ball python constricts you.
The ball python barely misses you. The ball python constricts you.
You closely miss the ball python. The ball python bites you.
The ball python constricts you. The ball python bites you.
The ball python constricts you.
You barely miss the ball python. The ball python bites you.
The ball python constricts you.
The ball python bites you but does no damage.
The ball python constricts you.
Aiming: Pain (safe; 14% risk of failure)
Press: ? - help, Q - select action Shift-Dir - straight line, f - ball python
Aim: a ball python (constricting you, chance to affect: 62%)
The ball python writhes in agony.
The ball python bites you.
* * * LOW HITPOINT WARNING * * *
The ball python constricts you.
* * * LOW HITPOINT WARNING * * *
The ball python's grasp on you weakens, but your attempt to escape fails.
The ball python completely misses you. The ball python constricts you.
The ball python bites you.
You die...

#...##...####. #
#.⌠.##.⌠.# ##. #.
#...##...###..
####.####.####.#....#
..................###
#######.###########
## ##.##..#
....##.....##
............##
........@....#
.........S...#
...............#
.............###
.........(.....
..............##
............###
...##......#


You could see a ball python.

Vanquished Creatures
  A ball python (D:1)
1 creature vanquished.

Notes
Turn   | Place    | Note
-------+----------+-------------------------------------------
     0 | D:1      | thromnambular the Demonspawn Wanderer began the quest for
                  | the Orb.
     0 | D:1      | thromnambular set off with the following items: a +0
                  | dagger, a +0 robe, a scroll of teleportation; and the
                  | following spells available to memorise: Animate Skeleton,
                  | Pain, Vampiric Draining, Animate Dead, Agony
     0 | D:1      | Reached XP level 1. HP: 15/15 MP: 4/4
     2 | D:1      | Learned a level 1 spell: Pain
   105 | D:1      | Slain by a ball python

Illustrated notes

Levels and vault maps discovered:
D:1:      dpeg_arrival_chambers_temple_mockup, layout_rooms

Action                   || total
-------------------------++-------
Melee: Great sword       ||     4
 Cast: Pain              ||     3
Armor: Robe              ||     2
Dodge: Dodged            ||     4
       Rpst.: Great sword ||     1
